 Dungeon Crawl Stone Soup version 0.27.1-3-gb3d3a73c9e (webtiles) character file.

Game seed: 2775878645325297997

25299 pkoi the Grappler (level 12, -17/104 HPs)
             Began as a Troll Monk on Oct 20, 2021.
             Was a High Priest of Okawaru.
             Killed from afar by a bog body (44 damage)
             ... with a bolt of cold
             ... on level 2 of the Lair of Beasts on Oct 21, 2021.
             The game lasted 00:16:28 (10447 turns).

pkoi the Grappler (Troll Monk)                     Turns: 10447, Time: 00:16:29

Health: -17/104    AC: 16    Str: 26    XL:     12   Next: 88%
Magic:  17/17      EV: 11    Int:  6    God:    Okawaru [*****.]
Gold:   233        SH:  0    Dex: 12    Spells: 11/11 levels left

rFire    . . .     SeeInvis +     - Unarmed
rCold    . . .     Faith    .   (no shield)
rNeg     + . .     Spirit   .   B - +1 troll leather armour {Snorg}
rPois    .         Reflect  .   C - +1 hat
rElec    .         Harm     .   i - +2 cloak
rCorr    .         Rampage  .   (gloves unavailable)
Will     .....                  (boots unavailable)
Stlth    ++........             (no amulet)
HPRegen  2.27/turn              t - +4 ring of protection
MPRegen  0.15/turn              z - ring "Moerphoch" {rN+ Slay+4 SInv Stlth+}

@: slowed, very slow
A: large, unfitting armour, claws 3, regeneration 1, shaggy fur 1, tough skin 1
a: Renounce Religion, Heroism, Finesse


You were on level 2 of the Lair of Beasts.
You worshipped Okawaru.
Okawaru was extremely pleased with you.
You visited 3 branches of the dungeon, and saw 14 of its levels.

You collected 851 gold pieces.
You spent 618 gold pieces at shops.

Inventory:

Missiles
 d - 7 large rocks
 w - 5 datura-tipped darts
 x - 22 javelins
 D - 3 throwing nets
 G - 6 boomerangs (quivered)
Armour
 a - a +1 robe
 i - a +2 cloak (worn)
 j - +0 ice dragon scales
 y - +0 steam dragon scales
 B - a +1 troll leather armour (worn) {Snorg}
 C - a +1 hat (worn)
Jewellery
 g - a ring of flight
 n - a ring of willpower
 r - a ring of magical power
 t - a +4 ring of protection (left claw)
 z - the ring "Moerphoch" (right claw) {rN+ Slay+4 SInv Stlth+}
   (You bought it in a shop on level 9 of the Dungeon)

   [ring of positive energy]

   Slay:      It affects your accuracy & damage with ranged weapons and melee
   (+4).
   rN:        It protects you from negative energy.
   SInv:      It lets you see invisible.
   Stlth:     It makes you more stealthy.
 F - an amulet of faith
 H - a ring of resist corrosion
Wands
 o - a wand of charming (13)
 q - a wand of iceblast (8)
 u - a wand of mindburst (8)
Scrolls
 b - 2 scrolls of identify
 c - 3 scrolls of brand weapon
 v - 2 scrolls of teleportation
Potions
 e - 11 potions of curing
 f - a potion of berserk rage
 h - 2 potions of brilliance
 k - a potion of invisibility
 l - 3 potions of heal wounds
 m - a potion of cancellation
 p - 2 potions of might
 s - a potion of ambrosia
 A - a potion of mutation
 E - a potion of attraction {unknown}
 I - a potion of lignification {unknown}


   Skills:
 - Level 2.4 Fighting
 + Level 9.5 Throwing
 + Level 4.6 Armour
 + Level 5.3 Dodging
 - Level 1.0 Stealth
 * Level 14.6 Unarmed Combat
 + Level 8.8 Invocations


You had 11 spell levels left.
You didn't know any spells.
Your spell library contained the following spells:

 Spells                   Type           Power      Damage    Failure   Level
 Magic Dart               Conj           0%         1d3       50%         1
 Searing Ray              Conj           0%         3d3       63%         2
 Slow                     Hex            0%         N/A       63%         2
 Confusing Touch          Hex            0%         N/A       86%         3
 Inner Flame              Hex/Fire       0%         N/A       86%         3
 Cause Fear               Hex            0%         N/A       99%         4
 Fulminant Prism          Conj/Hex       0%         3d6       99%         4
 Yara's Violent Unravell  Hex/Tmut       0%         3d3       100%        5
 Discord                  Hex            0%         N/A       100%        8


Dungeon Overview and Level Annotations

Branches:
Dungeon (11/15)            Temple (1/1) D:4            Lair (2/6) D:10
  Swamp (0/4) Lair:2
  Snake: Lair:2-4    Spider: Lair:2-4       Orc: D:9-12

Altars:
Ashenzari
Cheibriados
Dithmenos
Elyvilon
Fedhas
Gozag
Hepliaklqana
Kikubaaqudgha
Makhleb
Nemelex Xobeh
Okawaru
Qazlal
Ru
Sif Muna
Trog
Uskayaw
Vehumet
Wu Jian
Xom
Yredelemnul
Zin
The Shining One
Beogh

Shops:
D:2 *   D:9 =

Annotations:
D:8 2 transporters


Innate Abilities, Weirdness & Mutations

You are too large for most types of armour.
You have claws for hands.
Your natural rate of healing is unusually fast.
You are covered in fur. (AC +1)
You have tough skin. (AC +1)


Message History

The bolt of cold hits you!
Unknown command.
You throw a boomerang. The boomerang hits the bog body!!
The bog body is heavily damaged.
Unknown command.
You throw a boomerang. The boomerang hits the bog body.
The bog body is heavily damaged.
The bog body gestures at you while chanting.
The bolt of cold hits you!!
You are too injured to fight recklessly!
Unknown command.
Throw: 6 boomerangs
Press: ? - help, Q - select action, (/) - cycle Shift-Dir - straight line, f/p - bog body
Aim: a bog body (heavily damaged, 70% to hit)
You throw a boomerang.
The boomerang closely misses the bog body.
Unknown command.
The bog body gestures at you while chanting.
You feel as though you will be slow longer.
Throw: 6 boomerangs
Press: ? - help, Q - select action, (/) - cycle Shift-Dir - straight line, f/p - bog body
Aim: a bog body (heavily damaged, 70% to hit)
You throw a boomerang.
The boomerang barely misses the bog body.
The boomerang closely misses the bog body.
The bog body points at you and mumbles some strange words.
The bolt of cold hits you!! The bog body casts a spell at you.
You resist with significant effort. The bog body barely misses you.
The bog body touches you!
* * * LOW HITPOINT WARNING * * *
The bog body freezes you!!
* * * LOW HITPOINT WARNING * * *
You mangle the bog body!!
You destroy the bog body!
Okawaru accepts your kill. The bog body barely misses you.
The bog body points at you and mumbles some strange words.
The bolt of cold hits you!!!
You die...

...###.....#♣ §≈♣ ##.##.......
...#........# §§;♣♣♣#...#..#.#.#
....#..##..## §.§♣..#......####.
#......#...♣♣ ..♣♣♣.........#.##
#...........♣♣♣♣.≈♣♣...P.......##
............♣♣≈..≈♣♣............#
.......##P..♣♣≈..≈♣♣......^......
##.....#####♣♣≈..≈♣♣.............
##..#..### ♣≈n@≈♣♣.............
##.......###♣♣≈..≈♣♣<....#.......
#........#..♣♣♣♣.≈♣♣...P.#.......
#............♣≈..≈♣......#.##....
..#####......♣≈.♣≈♣..#..P..##....
...###.....#.♣≈..≈♣.##....###...#
.####....P##.♣≈♣.≈♣..#....# ##..#
.........P##.♣♣..♣♣..##...###..##
#.......####..♣..♣.....!......###


You could see a bog body and an electric eel (wandering).

Vanquished Creatures
  Snorg (D:10)
  A hydra (Lair:2)
  Harold (Lair:1)
  A boulder beetle (Lair:2)
  A centaur warrior (D:10)
  4 two-headed ogres
  3 death yaks (D:10)
  Urug (Lair:1)
  2 bog bodies (Lair:2)
  An ugly thing (D:6)
  A black mamba (Lair:1)
  4 cane toads
  A kobold demonologist (D:6)
  Maggie (D:10)
  An unseen horror (D:10)
  Psyche (D:9)
  A komodo dragon (Lair:1)
  A troll (D:5)
  A hornet (D:9)
  Prince Ribbit (D:7)
  3 blink frogs (Lair:1)
  27 yaks
  A wyvern (D:8)
  6 humans (D:9)
  3 steam dragons (D:8)
  Edmund (D:9)
  2 acid dragons (D:10)
  10 water moccasins
  Duvessa (D:6)
  5 sky beasts
  4 orc warriors
  An ice beast (D:5)
  3 black bears
  A necrophage (D:7)
  3 ogres
  4 centaurs
  3 wolves (Lair:2)
  4 phantoms
  2 kobold brigands
  3 scorpions (D:5)
  6 bullfrogs
  A wyvern zombie (D:7)
  Dowan (D:6)
  4 killer bees (D:8)
  4 wights (D:8)
  An electric eel (D:10)
  3 centaur zombies
  2 hounds
  Crazy Yiuf (D:3)
  2 bullfrog zombies
  2 jellies (D:6)
  4 orc priests
  A gnoll shaman (D:7)
  Terence (D:3)
  An iguana (D:6)
  A scorpion zombie (D:5)
  5 orc wizards
  2 killer bee zombies
  2 hound zombies (D:5)
  2 howler monkey zombies
  6 adders
  6 gnolls
  A river rat (D:10)
  A white imp (D:7)
  4 worms
  3 dart slugs
  26 orcs
  11 bats
  4 endoplasms
  3 giant cockroaches
  11 goblins
  5 hobgoblins
  4 jackals
  8 quokkas
  14 ball pythons
  14 kobolds
  6 rats
289 creatures vanquished.

Vanquished Creatures (others)
  3 fungi (Lair:2)
  11 plants
14 creatures vanquished.

Grand Total: 303 creatures vanquished

Notes
Turn   | Place    | Note
-------+----------+-------------------------------------------
     0 | D:1      | pkoi the Troll Monk began the quest for the Orb.
     0 | D:1      | Reached XP level 1. HP: 22/22 MP: 0/0
    70 | D:1      | Reached XP level 2. HP: 29/29 MP: 1/1
   241 | D:1      | Reached skill level 4 in Unarmed Combat
   396 | D:1      | Reached XP level 3. HP: 36/36 MP: 2/2
   661 | D:1      | Found a faded altar of an unknown god.
   725 | D:2      | Reached skill level 1 in Throwing
   922 | D:2      | Reached XP level 4. HP: 42/44 MP: 3/3
  1155 | D:2      | Found Ylipir Wumo's Assorted Antiques.
  1496 | D:3      | Reached skill level 5 in Unarmed Combat
  1550 | D:3      | Reached XP level 5. HP: 24/50 MP: 4/4
  1795 | D:3      | Found a runed translucent door.
  1796 | D:3      | Noticed Crazy Yiuf
  1946 | D:3      | Noticed Terence
  1960 | D:3      | Killed Terence
  1985 | D:3      | Noticed an ogre
  1994 | D:3      | Killed an ogre
  1995 | D:3      | Reached skill level 6 in Unarmed Combat
  1995 | D:3      | Reached XP level 6. HP: 10/59 MP: 5/5
  2143 | D:3      | Killed Crazy Yiuf
  2394 | D:4      | Noticed an orc warrior
  2419 | D:3      | Killed an orc warrior
  2434 | D:4      | Reached skill level 7 in Unarmed Combat
  2434 | D:4      | Reached XP level 7. HP: 66/66 MP: 6/6
  2510 | D:4      | Found a staircase to the Ecumenical Temple.
  2525 | Temple   | Entered the Ecumenical Temple
  2622 | Temple   | Became a worshipper of Warmaster Okawaru
  2622 | Temple   | Reached * piety under Okawaru
  2622 | Temple   | Reached ** piety under Okawaru
  2747 | D:4      | Found a sacrificial altar of Ru.
  2819 | D:5      | Entered Level 5 of the Dungeon
  2886 | D:5      | Reached skill level 1 in Invocations
  3070 | D:5      | Found a hide-covered altar of Uskayaw.
  3078 | D:5      | Found a hazy altar of Hepliaklqana.
  3083 | D:5      | Found a basalt altar of Yredelemnul.
  3094 | D:5      | Found an opulent altar of Gozag.
  3125 | D:5      | Found a radiant altar of Vehumet.
  3130 | D:5      | Found an ornate altar of the Wu Jian Council.
  3138 | D:5      | Found a glowing golden altar of the Shining One.
  3183 | D:5      | Noticed a two-headed ogre
  3186 | D:5      | Noticed a troll
  3197 | D:5      | Killed a two-headed ogre
  3197 | D:5      | Reached *** piety under Okawaru
  3198 | D:5      | Reached skill level 8 in Unarmed Combat
  3198 | D:5      | Reached XP level 8. HP: 74/74 MP: 7/9
  3223 | D:5      | Reached skill level 5 in Throwing
  3223 | D:5      | Reached skill level 9 in Unarmed Combat
  3278 | D:5      | Reached XP level 9. HP: 43/80 MP: 10/10
  3283 | D:5      | Killed a troll
  3283 | D:5      | Reached **** piety under Okawaru
  3516 | D:5      | Reached skill level 10 in Unarmed Combat
  3786 | D:6      | Noticed a kobold demonologist
  3797 | D:6      | Noticed an orange demon
  3799 | D:6      | Noticed an orange demon
  3800 | D:6      | Killed a kobold demonologist
  3817 | D:6      | Noticed a purple ugly thing
  3830 | D:6      | Killed a purple ugly thing
  3831 | D:6      | Reached skill level 5 in Invocations
  3892 | D:6      | Noticed Duvessa
  3892 | D:6      | Noticed Dowan
  3904 | D:6      | Killed Duvessa
  3908 | D:6      | Killed Dowan
  3915 | D:6      | Reached ***** piety under Okawaru
  3916 | D:6      | Reached skill level 11 in Unarmed Combat
  4503 | D:7      | Reached XP level 10. HP: 88/88 MP: 13/13
  4664 | D:7      | Noticed Prince Ribbit
  4704 | D:7      | Killed Prince Ribbit
  5503 | D:8      | Noticed a two-headed ogre
  5511 | D:8      | Killed a two-headed ogre
  5531 | D:8      | Reached skill level 12 in Unarmed Combat
  5629 | D:8      | Received a gift from Okawaru
  5762 | D:8      | Noticed a two-headed ogre
  5770 | D:8      | Killed a two-headed ogre
  5846 | D:8      | Found a transporter.
  5847 | D:8      | Found a transporter.
  5847 | D:8      | Noticed a boulder beetle
  5974 | D:8      | Identified the +5 long sword "Legua" {flame, Str+5}
  6001 | D:8      | Reached XP level 11. HP: 67/94 MP: 13/15
  6077 | D:8      | Identified the +0 robe of Gehenna {rC- rN++ Dex+7}
  6539 | D:2      | Bought a scroll of identify for 40 gold pieces
  6540 | D:2      | Bought a scroll labelled QINE ZIUKKU for 20 gold pieces
  6881 | D:9      | Found Ydar's Jewellery Boutique.
  6951 | D:9      | Noticed Edmund
  6953 | D:9      | Noticed Psyche
  6956 | D:9      | Received a gift from Okawaru
  6981 | D:9      | Killed Psyche
  6982 | D:9      | Reached skill level 1 in Armour
  7007 | D:9      | Killed Edmund
  7008 | D:9      | Reached skill level 13 in Unarmed Combat
  7443 | D:10     | Entered Level 10 of the Dungeon
  7460 | D:9      | Bought the ring "Moerphoch" {rN+ Slay+4 SInv Stlth+} for
                  | 558 gold pieces
  7493 | D:10     | Noticed Maggie
  7503 | D:10     | Killed Maggie
  7553 | D:10     | Noticed a centaur warrior
  7565 | D:10     | Killed a centaur warrior
  7616 | D:10     | Noticed a death yak
  7620 | D:10     | Noticed a death yak
  7622 | D:10     | Noticed a death yak
  7631 | D:10     | Killed a death yak
  7631 | D:10     | Received a gift from Okawaru
  7645 | D:10     | Killed a death yak
  7651 | D:10     | Killed a death yak
  7698 | D:10     | Reached ****** piety under Okawaru
  7794 | D:10     | Noticed a two-headed ogre
  7801 | D:10     | Killed a two-headed ogre
  7801 | D:10     | Received a gift from Okawaru
  7802 | D:10     | Reached XP level 12. HP: 49/104 MP: 16/16
  7936 | D:10     | Found a staircase to the Lair.
  7983 | D:10     | Noticed Snorg
  7996 | D:10     | Killed Snorg
  8607 | Lair:1   | Entered Level 1 of the Lair of Beasts
  8687 | Lair:1   | Received a gift from Okawaru
  8744 | Lair:1   | Noticed Urug
  8756 | Lair:1   | Killed Urug
  8856 | Lair:1   | Noticed Harold
  8865 | Lair:1   | Killed Harold
  8866 | Lair:1   | Reached skill level 14 in Unarmed Combat
  9700 | Lair:2   | Reached skill level 5 in Dodging
  9733 | Lair:2   | Noticed a four-headed hydra
  9745 | Lair:2   | Killed a nine-headed hydra
  9788 | Lair:2   | Found a staircase to the Swamp.
  9857 | Lair:2   | Found an ornate altar of the Wu Jian Council.
  9857 | Lair:2   | Found a hide-covered altar of Uskayaw.
  9857 | Lair:2   | Noticed a boulder beetle
  9868 | Lair:2   | Killed a boulder beetle
 10447 | Lair:2   | Killed from afar by a bog body

Illustrated notes

Levels and vault maps discovered:
D:1:      dpeg_arrival_orchard, layout_loops_ring,
          hellmonk_ecumenical_altar_defaced_shrine, minmay_tiny_reverse_x
D:2:      layout_basic, serial_shops, shop, serial_glass, glass_columns_c,
          glass_columns_a
D:3:      layout_rooms, uniq_crazy_yiuf_cottage, uniq_terence
D:4:      layout_cave_pools, amcnicky_altar_gilded, minmay_temple_entry_grid
D:5:      cheibrodos_fzero, layout_loops_ring, grunt_temple_overflow_octagram,
          serial_bayou, serial_bayou_shore_b, serial_bayou_pond_e,
          serial_bayou_pond_c, serial_bayou_lagoon_a, eino_tiny_chamber
D:6:      layout_basic, kb_rosetta, uniq_duvessa
D:7:      layout_basic, uniq_prince_ribbit1
D:8:      gammafunk_boulding_lane, layout_basic, hangedman_misty_isle
D:9:      erik_cavepeople, layout_basic, serial_shops, nicolae_shop_stone
D:10:     layout_basic, dpeg_lair_monsters, serial_bayou_ford_a, uniq_maggie,
          uniq_snorg
D:11:     nzn_winding_woodlands_small [nzn_winding_woodlands_5x15_zeroes,
          nzn_winding_woodlands_center_triple_pond,
          nzn_winding_woodlands_5x15_eye], layout_small_grid
Temple:   nicolae_temple_great_sept
Lair:1:   layout_small_grid, chequers_serial_rivers_micro_c, uniq_harold,
          uniq_urug
Lair:2:   layout_layer_cave, nicolae_swamp_entry_splash_gauntlet,
          gauntlet_entry_generic, chequers_serial_rivers_small_a,
          nzn_masters_of_martial_movement, grunt_megastairs_1,
          serial_bayou_shore_b, serial_bayou_shore_b

Skill      XL: |  1  2  3  4  5  6  7  8  9 10 11 12 |
---------------+-------------------------------------+-----
Unarmed Combat | 4 5 6 7 8 9 11 12 13 14 | 14.6
Throwing       | 1 2 3 4 5 6 7 8 9 |  9.5
Invocations    | 3 5 6 7 8 |  8.8
Armour         | 3 4 |  4.6
Dodging        | 4 5 |  5.3
Fighting       | |  2.4
Stealth        | |  1.0

Action                   |  1- 3 |  4- 6 |  7- 9 | 10-12 || total
-------------------------+-------+-------+-------+-------++-------
Melee: Unarmed           |   111 |   149 |   198 |   461 ||   919
       Punch             |     3 |     1 |     8 |    35 ||    47
Throw: Large rock        |       |       |     1 |       ||     1
       Boomerang         |       |       |       |     6 ||     6
Invok: Heroism           |       |       |     3 |    15 ||    18
       Finesse           |       |       |       |     2 ||     2
  Use: Scroll            |       |     5 |     7 |     7 ||    19
       Potion            |       |       |     1 |     3 ||     4
 Stab: Sleeping          |     3 |     3 |     2 |     6 ||    14
Armor: Robe              |    42 |    30 |    60 |    42 ||   174
       Steam dragon scal |       |       |       |    73 ||    73
       Troll leather arm |       |       |       |    42 ||    42
       Skin              |       |       |       |    13 ||    13
Dodge: Dodged            |    64 |    73 |    82 |   181 ||   400
